 Seeded DCSS version 0.27-a0-200-g8ba017916c (webtiles) character file.

Game seed: 20210129 (custom seed)

56 innerfire43 the Covered (level 3, 0/26 HPs)
             Began as a Demonspawn Wanderer on Jan 29, 2021.
             Slain by a worm (9 damage)
             ... on level 2 of the Dungeon.
             The game lasted 00:01:59 (1510 turns).

innerfire43 the Covered (Demonspawn Wanderer)       Turns: 1510, Time: 00:01:59

Health: 0/26       AC:  9    Str: 14    XL:     3   Next: 71%
Magic:  3/3        EV:  9    Int: 13    God:
Gold:   14         SH:  0    Dex: 11    Spells: 2/2 levels left

rFire    . . .     SeeInvis .   a - +1 mace
rCold    . . .     Faith    .   (no shield)
rNeg     . . .     Spirit   .   b - +2 scale mail
rPois    .         Reflect  .   (no helmet)
rElec    .         Harm     .   (no cloak)
rCorr    .         Rampage  .   (no gloves)
Will     .....                  (no boots)
Stlth    ..........             (no amulet)
HPRegen  0.08/turn              (no ring)
MPRegen  0.08/turn              (no ring)

@: no status effects
A: claws 1
a: no special abilities


You were on level 2 of the Dungeon.
You visited 1 branch of the dungeon, and saw 2 of its levels.

You collected 14 gold pieces.

Inventory:

Hand Weapons
 a - a +1 mace (weapon)
Armour
 b - a +2 scale mail (worn)
Scrolls
 c - 2 scrolls of teleportation
 e - 2 scrolls of identify
 f - 2 scrolls of remove curse
 i - a scroll of enchant weapon
 j - a scroll of noise {unknown}
Potions
 d - a potion of ambrosia {unknown}
 g - a potion of haste {unknown}
 h - a potion of degeneration {unknown}


   Skills:
 + Level 1.2 Fighting
 + Level 1.0(1.3) Axes
 + Level 1.0(1.3) Maces & Flails
 + Level 1.7 Crossbows
 + Level 1.0 Throwing
 + Level 4.3 Armour
 + Level 1.3 Dodging
 + Level 1.0 Evocations


You had 2 spell levels left.
You didn't know any spells.
Your spell library was empty.

Dungeon Overview and Level Annotations

Branches:
Dungeon (2/15)

Altars:


Innate Abilities, Weirdness & Mutations

You have sharp fingernails.


Message History

You barely miss the worm. You hit the worm.
The worm is lightly wounded.
The worm bites you but does no damage.
You hit the worm.
The worm is moderately wounded.
The worm bites you.
You hit the worm but do no damage.
The worm is moderately wounded.
The worm bites you.
You hit the worm.
The worm is heavily wounded.
The worm bites you!
You are too injured to fight recklessly!
You are too injured to fight recklessly!
You are too injured to fight recklessly!
You hit the worm.
The worm is heavily wounded.
The worm bites you!
You die...

... ..$ ...
#.# #.# #(#
#.# #)# #@#
...#####w#
#....(..#
..w#####.##
####......#
###.....###.#
##...###.# .#
#..# #.# ..
##..#
#.######


You could see a worm.

Vanquished Creatures
  An ooze (D:1)
  3 dart slugs
  A leopard gecko (D:1)
  4 bats (D:1)
  3 giant cockroaches
  7 goblins
  8 hobgoblins
  3 jackals (D:1)
  A frilled lizard (D:1)
  5 kobolds
  3 rats
39 creatures vanquished.

Notes
Turn   | Place    | Note
-------+----------+-------------------------------------------
     0 | D:1      | innerfire43 the Demonspawn Wanderer began the quest for the
                  | Orb.
     0 | D:1      | innerfire43 set off with the following items: a +0 mace, a
                  | +2 scale mail, a scroll of teleportation
     0 | D:1      | Reached XP level 1. HP: 15/15 MP: 1/1
   367 | D:1      | Reached skill level 4 in Armour
   367 | D:1      | Gained mutation: You have sharp fingernails. [demonic
                  | ancestry]
   367 | D:1      | Reached XP level 2. HP: 21/21 MP: 2/2
   413 | D:1      | Reached skill level 1 in Dodging
   662 | D:1      | Reached XP level 3. HP: 26/26 MP: 3/3
  1485 | D:2      | Reached skill level 1 in Maces & Flails
  1510 | D:2      | Slain by a worm

Illustrated notes

Levels and vault maps discovered:
D:1:      dpeg_arrival_boxorama, layout_basic
D:2:      minmay_general_purpose_star, layout_basic

Skill      XL: |  1  2  3 |
---------------+----------+-----
Armour         | 4 |  4.3
Dodging        | 1 |  1.3
Maces & Flails | 1 |  1.0
Fighting       | |  1.2
Axes           | |  1.0
Crossbows      | |  1.7
Throwing       | |  1.0
Evocations     | |  1.0

Action                   || total
-------------------------++-------
Melee: Mace              ||   144
  Use: Scroll            ||     2
Armor: Scale mail        ||   117
Dodge: Dodged            ||   100

Table legend: (Time is in decaauts)
 A = Elapsed time spent in this place.
 B = Non-inter-level travel time spent in this place.
 C = Inter-level travel time spent in this place.
 D = Time resting spent in this place.
 E = Time spent auto-exploring this place.
 F = Levels seen in this place.
 G = Mean time per level.
                   A        B        C        D        E       F      G
               +--------+--------+--------+--------+--------+-----+--------+
         Total |   1561 |   1561 |      0 |      0 |   1210 |   2 |  780.5 |
       Dungeon |   1561 |   1561 |      0 |      0 |   1210 |   2 |  780.5 |
               +--------+--------+--------+--------+--------+-----+--------+

Top non-repeatable levels by time:
     D:1: 1357 daAuts
     D:2: 204 daAuts
